 Dungeon Crawl Stone Soup version 0.29.1-15-g9cfb28693d (webtiles) character file.

Game seed: 6153662151447786121

3 jabba the Poker (level 1, 0/20 HPs)
             Began as a Minotaur Berserker on Apr 10, 2023.
             Was a Follower of Trog.
             Slain by a kobold
             ... wielding a +0 club
              (1 damage)
             ... on level 1 of the Dungeon.
             The game lasted 00:00:23 (74 turns).

jabba the Poker (Minotaur Berserker)                  Turns: 74, Time: 00:00:23

Health: 0/20       AC:  2    Str: 21    XL:     1   Next: 41%
Magic:  0/0        EV: 12    Int:  4    God:    Trog [*.....]
Gold:   0          SH:  0    Dex:  9    Spells: 0/0 levels left

rFire   . . .      SeeInvis .   a - +0 spear
rCold   . . .      Faith    .   (no shield)
rNeg    . . .      Spirit   .   b - +0 animal skin
rPois   .          Reflect  .   (helmet restricted)
rElec   .          Harm     .   (no cloak)
rCorr   .          Rampage  .   (no gloves)
Will    .....                   (no boots)
Stlth   +.........              (no amulet)
HPRegen 0.06/turn               (no ring)
MPRegen 0.07/turn               (no ring)

@: no status effects
A: horns 2, retaliatory headbutt
a: Renounce Religion, Berserk


You were on level 1 of the Dungeon.
You worshipped Trog.
Trog was aware of your devotion.
You visited 1 branch of the dungeon, and saw 1 of its levels.

Inventory:

Hand Weapons
 a - a +0 spear (weapon)
Armour
 b - a +0 animal skin (worn)
 c - a +0 pair of gloves
 d - a +0 ring mail


   Skills:
 + Level 3.6 Fighting
 + Level 3.9 Polearms
 + Level 2.4 Armour
 + Level 2.2 Dodging


You couldn't memorise any spells.
You didn't know any spells.
Your spell library was empty.

Dungeon Overview and Level Annotations

Branches:
Dungeon (1/15)

Altars:


Innate Abilities, Weirdness & Mutations

You have a pair of horns on your head.
You reflexively headbutt those who attack you in melee.


Message History

The hobgoblin is severely wounded.
The ball python bites you. The ball python grabs you.
The ball python constricts you. The hobgoblin hits you.
You hit the hobgoblin.
The hobgoblin is almost dead.
The ball python bites you. The ball python constricts you.
The hobgoblin hits you.
You completely miss the hobgoblin.
The hobgoblin is almost dead.
The ball python bites you. The ball python constricts you.
The kobold throws a stone.
The stone hits you.
The hobgoblin hits you but does no damage.
The ball python bites you. The ball python constricts you.
* * * LOW HITPOINT WARNING * * *
You hit the hobgoblin.
You kill the hobgoblin!
Trog accepts your kill.
The kobold throws a stone.
The stone hits you.
* * * LOW HITPOINT WARNING * * *
The ball python closely misses you. The ball python constricts you.
* * * LOW HITPOINT WARNING * * *
You escape the ball python's grasp.
You see here a hobgoblin corpse.
The ball python bites you but does no damage.
The ball python grabs you. The ball python constricts you.
The ball python bites you.
* * * LOW HITPOINT WARNING * * *
The ball python constricts you.
* * * LOW HITPOINT WARNING * * *
The ball python's grasp on you weakens, but your attempt to escape fails.
The kobold throws a stone.
The stone hits you.
* * * LOW HITPOINT WARNING * * *
The ball python barely misses you. You furiously retaliate!
You headbutt the ball python!
You kill the ball python!
Trog accepts your kill.
The kobold throws a stone.
The stone barely misses you. The kobold closely misses you.
The kobold attacks as you move away! The kobold hits you with a +0 club.
You die...

#############
############.....#.....$
...........'...†....>...
#########.##...†.#......
#.##.....#....$.
..####.K@....... ...#
#.......### ....#
#....!..# ......
..=......#
#.............!.?#
............#
.....#......#
######......#


You could see a kobold.

Vanquished Creatures
  2 hobgoblins (D:1)
  A ball python (D:1)
3 creatures vanquished.

Notes
Turn   | Place    | Note
-------+----------+-------------------------------------------
     0 | D:1      | jabba the Minotaur Berserker began the quest for the Orb.
     0 | D:1      | Reached XP level 1. HP: 19/19 MP: 0/0
    69 | D:1      | HP: 1/20 [kobold/stone (1)]
    74 | D:1      | Slain by a kobold

Illustrated notes

Levels and vault maps discovered:
D:1:      roderic_dead_forest, layout_basic

Action                   || total
-------------------------++-------
Melee: Spear             ||     5
       Headbutt          ||     1
Armor: Animal skin       ||     2
Dodge: Dodged            ||     7
